 Dungeon Crawl Stone Soup version 0.29-a0-1008-g949cc1d0fb (webtiles) character file.

Game seed: 8210856072526480955

143 Gargoyl the Trooper (level 5, -11/33 HPs)
             Began as a Gargoyle Berserker on Aug 7, 2022.
             Was a Believer of Trog.
             Mangled by an ogre
             ... wielding a +0 giant club
              (18 damage)
             ... on level 4 of the Dungeon.
             The game lasted 00:03:21 (3817 turns).

Gargoyl the Trooper (Gargoyle Berserker)            Turns: 3817, Time: 00:03:21

Health: -11/33     AC:  7    Str: 20    XL:     5   Next: 25%
Magic:  5/5        EV: 12    Int:  8    God:    Trog [**....]
Gold:   135        SH:  0    Dex: 11    Spells: 4/4 levels left

rFire   . . .      SeeInvis .   a - +1 hand axe
rCold   . . .      Faith    .   (no shield)
rNeg    + . .      Spirit   .   b - +1 animal skin
rPois   ∞          Reflect  .   (no helmet)
rElec   +          Harm     .   (no cloak)
rCorr   .          Rampage  .   (no gloves)
Will    ++...                   (no boots)
Stlth   ++........              (no amulet)
HPRegen 1.11/turn               (no ring)
MPRegen 0.09/turn               (no ring)

@: mighty, strong-willed, on berserk cooldown, regenerating, slowed, very slow
A: sickness immunity, AC +4, negative energy resistance 1, electricity
resistance, torment resistance 1, petrification resistance
a: Renounce Religion, Berserk, Trog's Hand


You were on level 4 of the Dungeon.
You worshipped Trog.
Trog was pleased with you.
You visited 1 branch of the dungeon, and saw 4 of its levels.

You collected 135 gold pieces.

Inventory:

Hand Weapons
 a - a +1 hand axe (weapon)
Armour
 b - a +1 animal skin (worn)
Scrolls
 i - a scroll of identify
Potions
 c - a potion of degeneration
 e - 2 potions of brilliance
 g - a potion of magic
 j - a potion of resistance


   Skills:
 + Level 4.3 Fighting
 + Level 4.0 Axes
 + Level 2.5 Armour
 + Level 2.1 Dodging
 + Level 1.2 Stealth


You had 4 spell levels left.
You didn't know any spells.
Your spell library was empty.

Dungeon Overview and Level Annotations

Branches:
Dungeon (4/15)
 Temple: D:4-7

Altars:
Ashenzari
Hepliaklqana
Kikubaaqudgha
Qazlal
Yredelemnul


Innate Abilities, Weirdness & Mutations

You are immune to sickness and miasma.
Your stone body is resilient. (AC +4)
You are immune to poison.
You resist negative energy. (rN+)
You are resistant to electric shocks. (rElec)
You are resistant to unholy torment.
You are immune to petrification.


Message History

You feel a strong urge to attack something.
You feel your anger nearly subside.
You are no longer berserk.
You are exhausted.
You feel yourself slow down.
Found a stone staircase leading up.
A kobold comes into view.
It is wielding a +0 short sword and quivering poisoned darts.
You feel much better.
Your skin stops crawling.
You feel less strong-willed. The ogre closely misses you.
The kobold throws a poisoned dart.
The poisoned dart hits you!
You feel very mighty all of a sudden. The ogre barely misses you.
Your skin crawls.
You feel strong-willed. The ogre closely misses you.
The kobold throws a poisoned dart.
The poisoned dart closely misses you.
You barely miss the ogre. The ogre misses you.
You hit the ogre.
The ogre is lightly wounded.
The ogre hits you with a +0 giant club!
Ouch! That really hurt!
The kobold throws a poisoned dart.
The poisoned dart closely misses you.
You hit the ogre.
The ogre is moderately wounded.
The ogre hits you with a +0 giant club!
* * * LOW HITPOINT WARNING * * *
You hit the ogre.
The ogre is heavily wounded.
You closely miss the kobold. The ogre hits you with a +0 giant club.
* * * LOW HITPOINT WARNING * * *
The kobold hits you with a +0 short sword.
* * * LOW HITPOINT WARNING * * *
The kobold closely misses you.
Okay, then.
You slash the ogre!
The ogre is almost dead.
You closely miss the kobold.
The ogre hits you with a +0 giant club!!
Ouch! That really hurt!
You die...

.##< ....
#..# .# #..#
..# ##..#
#.#
#...###..#
#.#.....#
###..@....##
#....OK...!#
#.#......#.#
#.
#......#.#
#.)).....#
#.)<..#...#
#.)....#...
#.........#.
#.........#


You could see an ogre and a kobold.

Vanquished Creatures
  Jessica (D:2)
  An orc wizard (D:4)
  A gnoll (D:1)
  An adder (D:3)
  2 worms
  2 dart slugs
  5 orcs
  9 endoplasms
  A giant cockroach (D:1)
  4 goblins
  7 hobgoblins
  3 jackals (D:1)
  A quokka (D:1)
  3 ball pythons
  3 bats
  3 frilled lizards
  6 kobolds
  4 rats
57 creatures vanquished.

Notes
Turn   | Place    | Note
-------+----------+-------------------------------------------
     0 | D:1      | Gargoyl the Gargoyle Berserker began the quest for the Orb.
     0 | D:1      | Reached XP level 1. HP: 14/14 MP: 1/1
   399 | D:1      | Reached XP level 2. HP: 19/19 MP: 2/2
  1186 | D:1      | Reached XP level 3. HP: 21/24 MP: 3/3
  1538 | D:2      | Noticed Jessica
  1544 | D:2      | Killed Jessica
  1545 | D:2      | Reached XP level 4. HP: 20/29 MP: 4/4
  1845 | D:2      | Found a faded altar of an unknown god.
  2967 | D:3      | Found an ancient bone altar of Kikubaaqudgha.
  3118 | D:3      | Found a basalt altar of Yredelemnul.
  3124 | D:3      | Found a hazy altar of Hepliaklqana.
  3125 | D:3      | Found a stormy altar of Qazlal.
  3189 | D:3      | Reached ** piety under Trog
  3651 | D:3      | Reached skill level 1 in Stealth
  3796 | D:4      | Found a broken altar of Ashenzari.
  3802 | D:4      | Reached XP level 5. HP: 10/33 MP: 5/5
  3805 | D:4      | Noticed an ogre
  3817 | D:4      | Mangled by an ogre

Illustrated notes

Levels and vault maps discovered:
D:1:      saegor_arrival_simple_d, layout_basic, serial_curves, eino_curves_04,
          eino_curves_04
D:2:      layout_loops_ring, shapermc_ecumenical_altar_petra, item_on_display_a,
          uniq_jessica
D:3:      layout_basic, minitemple, overflow_temple_1_default
D:4:      layout_rooms, ashenzari_conservatory_becter

Skill      XL: |  1  2  3  4  5 |
---------------+----------------+-----
Axes           | 3 4 |  4.0
Fighting       | 4 |  4.3
Dodging        | 2 |  2.1
Stealth        | 1 |  1.2
Armour         | |  2.5

Action                   |  1- 3 |  4- 6 || total
-------------------------+-------+-------++-------
Melee: Hand axe          |    93 |    77 ||   170
       Punch             |       |     1 ||     1
Invok: Berserk           |     1 |     1 ||     2
       Trog's Hand       |       |     2 ||     2
  Use: Scroll            |     6 |     9 ||    15
       Potion            |       |     2 ||     2
 Stab: Sleeping          |       |     2 ||     2
Armor: Animal skin       |    29 |    16 ||    45
Dodge: Dodged            |    64 |    53 ||   117

Table legend: (Time is in decaauts)
 A = Elapsed time spent in this place.
 B = Non-inter-level travel time spent in this place.
 C = Inter-level travel time spent in this place.
 D = Time resting spent in this place.
 E = Time spent auto-exploring this place.
 F = Levels seen in this place.
 G = Mean time per level.
                   A        B        C        D        E       F      G
               +--------+--------+--------+--------+--------+-----+--------+
         Total |   3852 |   3710 |    142 |      0 |   3162 |   4 |  963.0 |
       Dungeon |   3852 |   3710 |    142 |      0 |   3162 |   4 |  963.0 |
               +--------+--------+--------+--------+--------+-----+--------+

Top non-repeatable levels by time:
     D:1: 1540 daAuts
     D:2: 1209 daAuts
     D:3: 1078 daAuts
     D:4: 24 daAuts
